 Dungeon Crawl Stone Soup version 0.28.0-53-g5a82cb258f (webtiles) character file.

Game seed: 17064395215602684765

4236 Zeld the Frost Mage (level 10, 0/59 (63) HPs)
             Began as a Merfolk Ice Elementalist on May 21, 2022.
             Slain by a wight
             ... wielding a +1 halberd of flaming
              (7 damage)
             ... on level 7 of the Dungeon.
             The game lasted 00:10:15 (11809 turns).

Zeld the Frost Mage (Merfolk Ice Elementalist)     Turns: 11809, Time: 00:10:16

HP:   0/59 (63)     AC:  5    Str:  8    XL:     10   Next: 30%
MP:   22/22         EV: 16    Int: 25    God:
Gold: 359           SH:  0    Dex: 15    Spells: 15/26 levels left

rFire   . . .      SeeInvis .   o - +2 dagger (drain)
rCold   . . .      Faith    .   (no shield)
rNeg    . . .      Spirit   .   p - +0 robe of Dawn {Int+6 Slay+3}
rPois   .          Reflect  .   n - +0 helmet
rElec   .          Harm     .   (no cloak)
rCorr   +          Rampage  .   j - +0 pair of gloves
Will    .....                   h - +0 pair of boots
Stlth   ++........              (no amulet)
HPRegen 0.19/turn               e - ring of resist corrosion
MPRegen 0.18/turn               (no ring)

@: drained
A: (nimble swimmer 2), mertail
a: no special abilities


You were on level 7 of the Dungeon.
You visited 2 branches of the dungeon, and saw 9 of its levels.

You collected 359 gold pieces.

Inventory:

Hand Weapons
 o - a +2 dagger of draining (weapon)
Armour
 h - a +0 pair of boots (worn)
 j - a +0 pair of gloves (worn)
 n - a +0 helmet (worn)
 p - the +0 robe of Dawn (worn) {Int+6 Slay+3}
   (You found it on level 5 of the Dungeon)

   Int:       It affects your intelligence (+6).
   Slay:      It affects your accuracy & damage with ranged weapons and melee
   (+3).
Jewellery
 e - a ring of resist corrosion (left hand)
Wands
 q - a wand of paralysis (6)
 u - a wand of polymorph (2)
 y - a wand of flame (25)
Scrolls
 a - 2 scrolls of teleportation {unknown}
 b - 4 scrolls of noise {unknown}
 c - 11 scrolls of identify {unknown}
 d - a scroll of fear {unknown}
 m - a scroll of blinking {unknown}
 v - a scroll of immolation {unknown}
 w - 3 scrolls of fog {unknown}
Potions
 f - a potion of mutation {unknown}
 g - a potion of cancellation {unknown}
 i - a potion of ambrosia {unknown}
 k - 2 potions of might {unknown}
 l - a potion of haste {unknown}
 r - 3 potions of degeneration {unknown}
 s - a potion of brilliance {unknown}
 t - a potion of attraction {unknown}
 x - a potion of berserk rage {unknown}
 z - a potion of lignification {unknown}


   Skills:
 - Level 8.0 Dodging
 - Level 2.1 Stealth
 * Level 8.5 Spellcasting
 * Level 11.2 Ice Magic
 + Level 3.5 Evocations


You had 15 spell levels left.
You knew the following spells:

 Your Spells              Type           Power      Damage    Failure   Level
a - Freeze                Ice            100%       1d11      1%          1
b - Frozen Ramparts       Ice            100%       1d12      1%          3
c - Ozocubu's Armour      Ice            61%        N/A       1%          3
d - Hailstorm             Conj/Ice       38%        3d9       6%          4

Your spell library contained the following spells:

 Spells                   Type           Power      Damage    Failure   Level
 Blink                    Tloc           20%        N/A       9%          2
 Lesser Beckoning         Tloc           10%        N/A       17%         3
 Portal Projectile        Hex/Tloc       20%        N/A       17%         3
 Blade Hands              Tmut           5%         N/A       85%         5
 Excruciating Wounds      Necr           5%         N/A       85%         5
 Manifold Assault         Tloc           10%        N/A       85%         5
 Storm Form               Tmut/Air       5%         N/A       100%        7


Dungeon Overview and Level Annotations

Branches:
Dungeon (8/15)             Temple (1/1) D:6
   Lair: D:8-11

Altars:
Ashenzari
Cheibriados
Dithmenos
Elyvilon
Gozag
Hepliaklqana
Kikubaaqudgha
Makhleb
Nemelex Xobeh
Okawaru
Qazlal
Ru
Sif Muna
Trog
Uskayaw
Wu Jian
Xom
Yredelemnul
Zin

Annotations:
D:4 1 runed translucent door, thiscave3701365's ghost, amateur MiBe
D:7 1 runed translucent door, Crazy Yiuf
D:8 Gastronok


Innate Abilities, Weirdness & Mutations

((You are very nimble when in or above water. (Stealth+, EV+, Speed+++)))
Your lower body shifts to a powerful aquatic tail in water.


Message History

The wight closely misses you.
You hit the wight but do no damage.
The wight is lightly damaged.
The wight misses you.
You closely miss the wight.
The wight is lightly damaged.
The wight misses you.
You hit the wight.
The wight is moderately damaged.
The wight barely misses you.
You barely miss the wight.
The wight is moderately damaged.
The wight barely misses you.
You closely miss the wight.
The wight is moderately damaged.
The wight barely misses you.
You hit the wight but do no damage.
The wight is moderately damaged.
The wight closely misses you.
You hit the wight.
The wight is moderately damaged.
The wight hits you with a +1 halberd of flaming!
You feel drained. The wight burns you.
You hit the wight but do no damage.
The wight is moderately damaged.
The wight hits you with a +1 halberd of flaming!
The wight burns you.
You are too injured to fight recklessly!
You barely miss the wight.
The wight is moderately damaged.
The wight hits you but does no damage.
The wight hits you from afar with a +1 halberd of flaming!
* * * LOW HITPOINT WARNING * * *
You feel drained.
* * * LOW HITPOINT WARNING * * *
The wight burns you.
* * * LOW HITPOINT WARNING * * *
The wight barely misses you.
The wight hits you from afar with a +1 halberd of flaming!
You die...

#.# #......##
####.#### #..[.....
#.......###......#[
#.#.......#......#.
#.#..##.#.########.
#.#.....#.# #.
#.#z##..#.########.
#.#.......#.....##.
#.@.#######.###.###
#####...'.#.# #....
#[#[#...###.###
#######.....#
#######


You could see a wight.

Vanquished Creatures
  Pikel (D:7)
  A cyclops (D:6)
  A gargoyle (D:7)
  Psyche (D:8)
  A shadow (D:8)
  A spriggan (D:7)
  A steam dragon (D:8)
  3 water moccasins
  An orc warrior (D:6)
  2 necrophages
  An ice beast (D:7)
  3 centaurs
  2 ogres
  A kobold brigand (D:8)
  3 bullfrogs
  2 scorpions (D:6)
  A water moccasin zombie (D:6)
  3 killer bees (D:7)
  2 howler monkeys (D:8)
  A centaur zombie (D:6)
  2 centaur skeletons
  2 hounds
  A jelly (D:5)
  3 bullfrog skeletons
  An orc priest (D:7)
  Natasha (thrice) (D:4)
  2 iguanas
  A howler monkey zombie (D:8)
  7 gnolls
  9 adders
  An ufetubus (D:6)
  2 dart slugs (D:5)
  23 orcs
  5 endoplasms
  5 giant cockroaches
  14 goblins
  13 hobgoblins
  17 kobolds
  2 quokkas
  2 ball pythons
  2 bats
  6 frilled lizards
155 creatures vanquished.

Notes
Turn   | Place    | Note
-------+----------+-------------------------------------------
     0 | D:1      | Zeld the Merfolk Ice Elementalist began the quest for the
                  | Orb.
     0 | D:1      | Reached XP level 1. HP: 13/13 MP: 3/3
   240 | D:1      | Reached XP level 2. HP: 16/19 MP: 0/5
   352 | D:1      | Reached skill level 5 in Ice Magic
   866 | D:1      | Found a faded altar of an unknown god.
  1312 | D:2      | Reached XP level 3. HP: 19/24 MP: 3/6
  1316 | D:2      | Learned a level 3 spell: Frozen Ramparts
  2135 | D:2      | Reached XP level 4. HP: 28/30 MP: 4/7
  2139 | D:2      | Learned a level 3 spell: Ozocubu's Armour
  3145 | D:4      | Found a runed translucent door.
  3146 | D:4      | Noticed a bullfrog
  3148 | D:4      | Noticed thiscave3701365's ghost (amateur MiBe)
  3161 | D:4      | Reached skill level 6 in Ice Magic
  3406 | D:4      | Reached XP level 5. HP: 35/35 MP: 4/9
  3494 | D:4      | Found an ancient bone altar of Kikubaaqudgha.
  3696 | D:4      | Found a stormy altar of Qazlal.
  3920 | D:4      | Noticed Natasha
  3927 | D:4      | Killed Natasha
  4117 | D:4      | Found a stormy altar of Qazlal.
  4149 | D:4      | Noticed Natasha
  4158 | D:4      | Killed Natasha
  4251 | D:4      | Noticed Natasha
  4256 | D:4      | Killed Natasha
  4257 | D:4      | Reached XP level 6. HP: 34/41 MP: 7/11
  4578 | D:4      | Found an ancient bone altar of Kikubaaqudgha.
  4922 | D:4      | Learned a level 4 spell: Hailstorm
  4939 | D:5      | Entered Level 5 of the Dungeon
  5075 | D:5      | Noticed a water moccasin
  5085 | D:5      | Killed a water moccasin
  5611 | D:5      | Found a snail-covered altar of Cheibriados.
  5634 | D:5      | Reached skill level 7 in Ice Magic
  5856 | D:5      | Reached XP level 7. HP: 26/46 MP: 13/13
  6022 | D:5      | Identified the +2 leather armour of Xom's Displeasure
                  | {Harm}
  6069 | D:5      | Identified the +0 robe of Dawn {Int+6 Slay+3}
  6612 | D:5      | Found a hazy altar of Hepliaklqana.
  6671 | D:6      | Noticed a cyclops
  6678 | D:6      | Killed a cyclops
  6679 | D:6      | Reached skill level 5 in Dodging
  6679 | D:6      | Reached skill level 5 in Spellcasting
  6679 | D:6      | Reached skill level 8 in Ice Magic
  6679 | D:6      | Reached XP level 8. HP: 21/52 MP: 4/16
  7018 | D:6      | Found a staircase to the Ecumenical Temple.
  7145 | Temple   | Entered the Ecumenical Temple
  7459 | D:6      | Noticed a two-headed ogre
  7568 | D:5      | Reached skill level 9 in Ice Magic
  7977 | D:6      | Reached XP level 9. HP: 34/57 MP: 15/18
  8774 | D:7      | Reached skill level 1 in Evocations
  8950 | D:7      | Identified the +0 hat of Zyafat {Harm rCorr MP+9 Str-5}
  9030 | D:7      | Found a runed translucent door.
  9031 | D:7      | Noticed Crazy Yiuf
  9065 | D:7      | Noticed Pikel
  9073 | D:7      | Killed Pikel
  9074 | D:7      | Reached skill level 10 in Ice Magic
  9630 | D:7      | Found a shadowy altar of Dithmenos.
  9810 | D:7      | Noticed a gargoyle
  9817 | D:7      | Killed a gargoyle
 10005 | D:8      | Reached XP level 10. HP: 4/63 MP: 15/22
 10831 | D:8      | Noticed Psyche
 11301 | D:8      | Noticed Gastronok
 11353 | D:8      | Killed Psyche
 11354 | D:8      | Reached skill level 11 in Ice Magic
 11783 | D:7      | HP: 2/59 [wight/+1 halberd of flaming (4)]
 11809 | D:7      | Slain by a wight

Illustrated notes

Levels and vault maps discovered:
D:1:      psy_arrival_fountain, layout_loops_ring,
          shapermc_ecumenical_altar_starsandcircs
D:2:      layout_loops_ring
D:3:      layout_loops_cross, kennysheep_generic_room_12
D:4:      layout_loops_ring, mainiacjoe_overflow_alcove_4,
          ebering_ghost_sewer_d, kennysheep_flooded_box, uniq_natasha
D:5:      corexii_shantytown, layout_basic, kennysheep_slug_shrine,
          worldfamousw_hep_ancestral_shrine
D:6:      layout_loops_ring, minmay_temple_entry_glass, minmay_misc_feat_square
D:7:      layout_loops_cross, nicolae_dithmenos_the_darkroom, the_hattery,
          uniq_pikel, uniq_crazy_yiuf_cottage
D:8:      layout_rooms, amethyst_killhole, uniq_psyche, uniq_gastronok
Temple:   regret_index_temple_generic_petals

Skill      XL: |  1  2  3  4  5  6  7  8  9 10 |
---------------+-------------------------------+-----
Ice Magic      | 5 6 7 8 9 10 11 | 11.2
Dodging        | 3 4 5 6 8 |  8.0
Spellcasting   | 3 4 5 6 8 |  8.5
Evocations     | 2 3 |  3.5
Stealth        | |  2.1

Action                   |  1- 3 |  4- 6 |  7- 9 | 10-12 || total
-------------------------+-------+-------+-------+-------++-------
Melee: Unarmed           |    20 |    47 |       |       ||    67
       Punch             |     1 |     2 |     3 |       ||     6
       Dagger            |       |    30 |   118 |    39 ||   187
 Cast: Freeze            |    45 |    78 |    61 |    20 ||   204
       Frozen Ramparts   |       |     2 |    20 |     5 ||    27
       Ozocubu's Armour  |       |     1 |     6 |       ||     7
       Hailstorm         |       |       |       |     2 ||     2
Evoke: Wand              |       |       |       |     8 ||     8
 Stab: Sleeping          |     1 |     1 |     2 |       ||     4
       Distracted        |       |     1 |     1 |       ||     2
       Paralysed         |       |       |       |     4 ||     4
Armor: Robe              |    14 |    37 |    61 |     6 ||   118
Dodge: Dodged            |    29 |    88 |   176 |    58 ||   351
